 Dungeon Crawl Stone Soup version 0.30-a0-364-gf6b3ef1049 (webtiles) character file.

Game seed: 1849303032134258069

456 kingsuperguy the Shooter (level 6, 0/51 HPs)
             Began as a Minotaur Hunter on Nov 14, 2022.
             Was a Believer of Dithmenos.
             Slain by a killer bee (3 damage)
             ... on level 7 of the Dungeon.
             The game lasted 00:11:56 (3018 turns).

kingsuperguy the Shooter (Minotaur Hunter)          Turns: 3018, Time: 00:11:57

Health: 0/51       AC:  6    Str: 15 (17) XL:     6   Next: 77%
Magic:  5/5        EV: 11    Int:  4 (6)  God:    Dithmenos [**....]
Gold:   205        SH:  0    Dex: 12 (14) Spells: 5/5 levels left

rFire   . . .      SeeInvis .    l - +1 spear (freeze)
rCold   . . .      Faith    .    (no shield)
rNeg    . . .      Spirit   .    o - +0 ring mail
rPois   .          Reflect  .    (helmet restricted)
rElec   .          Harm     .    (no cloak)
rCorr   .          Rampage  .    x - +0 pair of gloves
Will    .....                    (no boots)
Stlth   +.........               (no amulet)
HPRegen 0.28/turn                (no ring)
MPRegen 0.09/turn                (no ring)

@: lethally poisoned (0 -> -8), wreathed by umbra
A: horns 2, retaliatory headbutt
a: Renounce Religion, Shadow Step


You were on level 7 of the Dungeon.
You worshipped Dithmenos.
Dithmenos was pleased with you.
You visited 1 branch of the dungeon, and saw 6 of its levels.

You collected 205 gold pieces.

Inventory:

Hand Weapons
 a - a +0 shortbow
 l - a +1 spear of freezing (weapon)
Missiles
 e - 11 poisoned darts (quivered)
 g - 19 stones
Armour
 c - a +0 leather armour
 j - a scarf of repulsion
 o - a +0 ring mail (worn)
 x - a +0 pair of gloves (worn)
Magical Staves
 d - a staff of fire
 m - a staff of earth
Wands
 t - a wand of roots (11)
Scrolls
 b - 2 scrolls of immolation
 f - 2 scrolls of noise
 h - a scroll of identify
 k - a scroll of enchant weapon
 q - a scroll of summoning {unknown}
 s - a scroll of brand weapon {unknown}
Potions
 i - a potion of curing
 p - a potion of degeneration
 v - a potion of heal wounds


   Skills:
 + Level 3.5 Fighting
 + Level 4.9 Polearms
 + Level 5.7 Ranged Weapons
 + Level 3.1 Armour
 + Level 3.3 Dodging
 + Level 1.2 Stealth


You had 5 spell levels left.
You didn't know any spells.
Your spell library contained the following spells:

 Spells                   Type           Power      Damage    Failure   Level
 Call Canine Familiar     Summ           0%         N/A       97%         3
 Portal Projectile        Hex/Tloc       0%         N/A       97%         3
 Leda's Liquefaction      Hex/Erth       0%         N/A       100%        4


Dungeon Overview and Level Annotations

Branches:
Dungeon (7/15)
 Temple: D:4-7

Altars:
Dithmenos
Ru
Xom
Yredelemnul

Shops:
D:3 :


Innate Abilities, Weirdness & Mutations

You have a pair of horns on your head.
You reflexively headbutt those who attack you in melee.


Message History

Deactivating autopickup; reactivate with Ctrl-A.
It was a potion of cancellation.
You feel magically purged. The killer bee stings you.
The killer bee barely misses you. You furiously retaliate!
You headbutt the killer bee.
The killer bee buzzes angrily. x2
The killer bee stings you.
A killer bee comes into view.
The orc wizard hits you but does no damage.
The killer bee buzzes angrily.
You hit something. You freeze something. The killer bee misses you.
You furiously retaliate!
You headbutt the killer bee. The killer bee misses you.
Something hits you but does no damage. The orc wizard barely misses you.
You closely miss something. You headbutt something.
The killer bee stings you but does no damage.
The killer bee barely misses you. Something hits you but does no damage.
The orc wizard barely misses you.
You hit something but do no damage. The killer bee stings you.
The killer bee stings you!
* * * LOW HITPOINT WARNING * * *
You are poisoned.
The killer bee poisons you! The killer bee stings you.
* * * LOW HITPOINT WARNING * * *
You closely miss something.
You feel sick.
The killer bee stings you but does no damage.
The killer bee stings you.
* * * LOW HITPOINT WARNING * * *
You are lethally poisoned!
The killer bee poisons you! The killer bee barely misses you.
You furiously retaliate!
You headbutt the killer bee!
The killer bee stings you but does no damage.
Something hits you.
* * * LOW HITPOINT WARNING * * *
The orc wizard points at you and mumbles some strange words.
You resist with some effort. The killer bee barely misses you.
You furiously retaliate!
You headbutt the killer bee!
You kill the killer bee!
Dithmenos accepts your kill. The killer bee stings you.
You die...

........# #... ...
.._.?...# #####..#.....
######## ......:.#
#............ #...O..y
.........# #......#.....
#{######
.........###......#.....
#.#
.._....#.#........$..#
#.#
#......#...#.........#
#O# ###....# ...#
#o.y...# #.# ...... #...
#y@y...# #.#
#######.#... ##.#####
#.# #.># #.# #.#
#..####.# #.# ### #
#.{#....# #.# #.. ..
#..#o#### #.####.# ...
#..#.# #....... ..
#..#.# ######.. #.#..#.#
#..


You could see 3 killer bees and an orc wizard.

Vanquished Creatures
  A sky beast (D:7)
  2 bullfrogs (D:7)
  A scorpion (D:6)
  A killer bee (D:7)
  A hound (D:6)
  2 iguanas
  3 adders
  A shadow imp (D:7)
  2 worms (D:2)
  2 dart slugs (D:2)
  10 bats
  5 endoplasms
  6 giant cockroaches
  3 goblins
  8 hobgoblins
  4 jackals (D:2)
  A kobold (D:2)
  2 quokkas
  3 ball pythons
  2 frilled lizards (D:3)
  4 rats (D:1)
64 creatures vanquished.

Notes
Turn   | Place    | Note
-------+----------+-------------------------------------------
     0 | D:1      | kingsuperguy the Minotaur Hunter began the quest for the
                  | Orb.
     0 | D:1      | Reached XP level 1. HP: 18/18 MP: 0/0
   115 | D:1      | Reached XP level 2. HP: 25/25 MP: 1/1
   230 | D:1      | Found a faded altar of an unknown god.
   260 | D:1      | Prayed at the altar of an unknown god.
   260 | D:1      | Became a worshipper of Dithmenos the Shadowed
   260 | D:1      | Reached * piety under Dithmenos
   706 | D:1      | Reached skill level 5 in Ranged Weapons
   879 | D:2      | Reached XP level 3. HP: 20/30 MP: 2/2
  1043 | D:2      | Reached skill level 1 in Polearms
  1045 | D:2      | Reached ** piety under Dithmenos
  1167 | D:2      | Reached XP level 4. HP: 34/37 MP: 3/3
  1385 | D:2      | Reached skill level 1 in Stealth
  1629 | D:3      | Found a sacrificial altar of Ru.
  1730 | D:3      | Found Tailesue's Vocational Training.
  1912 | D:3      | You fall into a shaft and drop 3 floors!
  1922 | D:6      | Noticed a black bear
  1923 | D:6      | Noticed a black bear
  1929 | D:6      | Reached skill level 1 in Armour
  1961 | D:5      | Entered Level 5 of the Dungeon
  2109 | D:5      | Reached XP level 5. HP: 45/45 MP: 4/4
  2174 | D:5      | Noticed an ogre
  2403 | D:6      | Found a basalt altar of Yredelemnul.
  2446 | D:6      | Noticed an ogre
  2478 | D:7      | Found a shimmering altar of Xom.
  2478 | D:7      | Found a shimmering altar of Xom.
  2478 | D:7      | Found a shimmering altar of Xom.
  2478 | D:7      | Found a shimmering altar of Xom.
  2478 | D:7      | Found a shimmering altar of Xom.
  2478 | D:7      | Found a shimmering altar of Xom.
  2480 | D:7      | Found a shimmering altar of Xom.
  2489 | D:7      | Noticed an ice beast
  2549 | D:7      | Noticed a two-headed ogre
  2670 | D:7      | Noticed a sky beast
  2726 | D:7      | Killed a sky beast
  2727 | D:7      | Reached XP level 6. HP: 41/51 MP: 5/5
  2916 | D:7      | Noticed an orc warrior
  3018 | D:7      | Slain by a killer bee

Illustrated notes

Levels and vault maps discovered:
D:1:      lemuel_arrival_rhombus, layout_basic,
          hellmonk_ecumenical_altar_lost_god
D:2:      layout_loops_ring
D:3:      layout_basic, mainiacjoe_overflow_boulevard, dreamdust_wishing_well,
          kennysheep_flooded_box, nicolae_shop_vocational, uniq_jessica
D:5:      layout_loops_cross, kennysheep_generic_room_3
D:6:      layout_cave_pools, nicolae_ashenzari_panopticon, lemuel_round_altar
D:7:      layout_basic, nicolae_xom_altar_mimics, chequers_serial_rivers_micro_e

Skill      XL: |  1  2  3  4  5  6 |
---------------+-------------------+-----
Ranged Weapons | 5 |  5.7
Polearms       | 1 3 4 |  4.9
Stealth        | 1 |  1.2
Fighting       | 3 |  3.5
Armour         | 1 2 3 |  3.1
Dodging        | 3 |  3.3

Action                   |  1- 3 |  4- 6 || total
-------------------------+-------+-------++-------
Melee: Staff             |     9 |       ||     9
       Headbutt          |     7 |    11 ||    18
       Spear             |    57 |    58 ||   115
       Punch             |       |     1 ||     1
 Fire: Shortbow          |    20 |     7 ||    27
  Use: Scroll            |       |     6 ||     6
       Potion            |       |     8 ||     8
 Stab: Sleeping          |     1 |       ||     1
Armor: Leather armour    |    19 |       ||    19
       Ring mail         |     8 |    26 ||    34
Dodge: Dodged            |    71 |    59 ||   130

Table legend: (Time is in decaauts)
 A = Elapsed time spent in this place.
 B = Non-inter-level travel time spent in this place.
 C = Inter-level travel time spent in this place.
 D = Time resting spent in this place.
 E = Time spent auto-exploring this place.
 F = Levels seen in this place.
 G = Mean time per level.
                   A        B        C        D        E       F      G
               +--------+--------+--------+--------+--------+-----+--------+
         Total |   3004 |   2796 |    208 |    311 |   1227 |   6 |  500.7 |
       Dungeon |   3004 |   2796 |    208 |    311 |   1227 |   6 |  500.7 |
               +--------+--------+--------+--------+--------+-----+--------+

Top non-repeatable levels by time:
     D:2: 843 daAuts
     D:1: 796 daAuts
     D:7: 515 daAuts
     D:6: 305 daAuts
     D:3: 282 daAuts
     D:5: 260 daAuts
